 Seeded DCSS version 0.31-a0-1278-g11c5b68f87 (webtiles) character file.

Game seed: 11648212501175763444 (custom seed)

149 timneilson the Ruffian (level 5, -3/34 HPs)
             Began as an Octopode Shapeshifter on Dec 17, 2023.
             Slain by a centaur zombie (5 damage)
             ... in an ossuary.
             The game lasted 00:03:29 (2751 turns).

timneilson the Ruffian (Octopode Shapeshifter)      Turns: 2751, Time: 00:03:30

Health: -3/34      AC:  1    Str: 16    XL:     5   Next: 31%
Magic:  5/5        EV: 13    Int: 12    God:
Gold:   198        SH:  0    Dex: 11    Spells: 4/4 levels left

rFire   + .          .
                       - Unarmed
rCold   . . .        (no shield)
rNeg    . . .        (helmet currently unavailable)
rPois   .            (no amulet)
rElec   .            h - ring of protection from fire
rCorr   .            (no ring)
SInv    .            (no ring)
Will    .....        (no ring)
Stlth   +++          (no ring)
HPRegen 0.25/turn    (no ring)
MPRegen 0.09/turn    (no ring)
                     (no ring)

%: no passive effects
@: beast-form
A: beast (slay +2), almost no armour, amphibious, 8 rings, camouflage 1,
gelatinous body 1, (nimble swimmer 1), tentacles
a: Begin Untransformation


You were in an ossuary.
You were a hulking beast.
You visited 1 branch of the dungeon, and saw 4 of its levels.
You also visited: Ossuary.

You collected 198 gold pieces.

Inventory:

Jewellery
 h - a ring of protection from fire (left tentacle)
Talismans
 b - a beast talisman
 c - a flux talisman
Wands
 l - a wand of light (5)
Scrolls
 e - a scroll of amnesia
 j - a scroll of teleportation
Potions
 a - a potion of lignification
 f - 2 potions of enlightenment
 k - a potion of resistance


   Skills:
 * Level 2.3 Fighting
 * Level 3.1 Dodging
 + Level 1.8 Stealth
 * Level 3.7 Unarmed Combat
 + Level 0.1 Evocations
 * Level 3.6 Shapeshifting


You had 4 spell levels left.
You didn't know any spells.
Your spell library contained the following spells:

 Spells                   Type           Power      Damage    Failure   Level
 Shock                    Conj/Air       0%         1d3       32%         1
 Poisonous Vapours        Pois/Air       0%         N/A       45%         2
 Mephitic Cloud           Conj/Pois/Air  0%         N/A       69%         3
 Swiftness                Air            0%         N/A       69%         3
 Airstrike                Air            0%         2d(0-16)  97%         4
 Freezing Cloud           Conj/Ice/Air   0%         6-21      100%        5
 Iskenderun's Battlesphe  Conj           0%         2d6       100%        5
 Bombard                  Conj/Erth      0%         9d1       100%        6
 Spellforged Servitor     Conj/Summ      0%         N/A       100%        7


Dungeon Overview and Level Annotations

Branches:
Dungeon (4/15)            Ossuary (1/1)
 Temple: D:4-7

Altars:

Shops:
D:1 =


Innate Abilities, Weirdness & Mutations

You are a hulking beast.
Your limbs bulge with bestial killing power. (Slay +2)
You cannot wear most types of armour.
You are amphibious.
You can wear up to eight rings at the same time.
Your skin changes colour to match your surroundings (Stealth+).
Your rubbery body absorbs attacks. (AC +1, EV +1)
((You are camouflaged when in or above water. (Stealth+)))
You have tentacles for arms and can constrict up to eight enemies at once.


Message History

You constrict the elf zombie. The centaur zombie hits you.
The centaur zombie kicks you but does no damage.
The elf zombie hits you.
You tentacle-slap the elf zombie. x2
The elf zombie is moderately damaged.
You constrict the elf zombie. The centaur zombie hits you.
The centaur zombie kicks you. The elf zombie hits you.
The centaur zombie barely misses you.
The centaur zombie kicks you but does no damage.
You tentacle-slap the elf zombie. You squeeze the elf zombie!
The elf zombie is heavily damaged.
You constrict the elf zombie. The centaur zombie barely misses you.
The centaur zombie kicks you. The elf zombie hits you!
* * * LOW HITPOINT WARNING * * *
You are too injured to fight recklessly!
You are too injured to fight recklessly!
You are too injured to fight recklessly!
You are too injured to fight recklessly!
You are too injured to fight recklessly!
You are too injured to fight recklessly!
You are too injured to fight recklessly!
You are too injured to fight recklessly!
You are too injured to fight recklessly!
You are too injured to fight recklessly!
You are too injured to fight recklessly!
You are too injured to fight recklessly!
You are too injured to fight recklessly!
Unknown command.
Unknown command.
You tentacle-slap the centaur zombie.
The centaur zombie is lightly damaged.
You constrict the elf zombie. The human zombie hits you!
* * * LOW HITPOINT WARNING * * *
The centaur zombie hits you but does no damage.
The centaur zombie kicks you.
* * * LOW HITPOINT WARNING * * *
You tentacle-slap the elf zombie.
The elf zombie is severely damaged.
You constrict the elf zombie. The centaur zombie hits you.
You die...

# # #####
#.#.#.#.#
........# #####
......ZZ# ##...##
......Zh###.....##
.......Z.........#
............∩.∩..#
.................#
.......M###.....##
..Z....Z# ##...##
........# #####
#.#.#.#.# ######


You could see a mummy, 3 gnoll zombies, an elf zombie, a centaur zombie and a
human zombie.

Vanquished Creatures
  7 adders
  4 adder zombies (D:4)
  5 dart slugs
  10 bats
  An endoplasm (D:4)
  2 giant cockroaches
  8 hobgoblins
  4 jackals (D:1)
  2 quokkas
  2 ball pythons
  A frilled lizard (D:2)
  4 goblins
  A hobgoblin zombie (Ossuary)
  8 kobolds
  6 rats
65 creatures vanquished.

Notes
Turn   | Place    | Note
-------+----------+-------------------------------------------
     0 | D:1      | timneilson the Octopode Shapeshifter began the quest for
                  | the Orb.
     0 | D:1      | Reached XP level 1. HP: 13/13 MP: 1/1
   118 | D:1      | Reached XP level 2. HP: 14/18 MP: 2/2
   460 | D:1      | Found a transporter.
   460 | D:1      | Found Zablos's Jewellery Shop.
   568 | D:1      | Reached XP level 3. HP: 19/23 MP: 3/3
   571 | D:1      | Found a transporter.
  1178 | D:2      | Reached skill level 1 in Stealth
  1697 | D:3      | Reached XP level 4. HP: 29/29 MP: 4/4
  1908 | D:2      | Identified the +1 leather armour "Puoklof" {Harm}
  2056 | D:2      | Reached XP level 5. HP: 33/34 MP: 5/5
  2730 | D:4      | Found a sand-covered staircase.
  2736 | Ossuary  | Entered an ossuary
  2751 | Ossuary  | Slain by a centaur zombie

Illustrated notes

Levels and vault maps discovered:
D:1:      dpeg_arrival_rhombus, layout_basic, serial_shops,
          nicolae_shop_drivethru, minmay_vboxes
D:2:      layout_basic
D:3:      layout_basic
D:4:      layout_rooms, lightli_sewer_entry_pipes,
          mainiacjoe_ossuary_entry_find_the_door, uniq_eustachio, uniq_menkaure
Ossuary:  minmay_ossuary_gauntlet

Skill      XL: |  1  2  3  4 |
---------------+-------------+-----
Stealth        | 1 |  1.8
Fighting       | 2 |  2.3
Dodging        | 3 |  3.1
Unarmed Combat | |  3.7
Evocations     | |  0.1
Shapeshifting  | |  3.6

Action                     |  1- 3 |  4- 6 || total
---------------------------+-------+-------++-------
  Melee: Unarmed           |    72 |    62 ||   134
         Constrict         |    20 |    16 ||    36
         Tentacles         |    11 |    13 ||    24
         Punch             |     2 |     2 ||     4
    Use: Scroll            |     3 |     5 ||     8
   Stab: Sleeping          |     9 |     4 ||    13
 Armour: Skin              |    25 |    40 ||    65
  Dodge: Dodged            |    49 |    26 ||    75

Table legend: (Time is in decaauts)
 A = Elapsed time spent in this place.
 B = Non-inter-level travel time spent in this place.
 C = Inter-level travel time spent in this place.
 D = Time resting spent in this place.
 E = Time spent auto-exploring this place.
 F = Levels seen in this place.
 G = Mean time per level.
                   A        B        C        D        E       F      G
               +--------+--------+--------+--------+--------+-----+--------+
         Total |   2741 |   2489 |    252 |      0 |   2037 |   5 |  548.2 |
       Dungeon |   2726 |   2474 |    252 |      0 |   2035 |   4 |  681.5 |
       Ossuary |     14 |     14 |      0 |      0 |      2 |   1 |   14.0 |
               +--------+--------+--------+--------+--------+-----+--------+

Top non-repeatable levels by time:
     D:2: 1007 daAuts
     D:3: 852 daAuts
     D:1: 806 daAuts
     D:4: 60 daAuts
 Ossuary: 14 daAuts
